 Dungeon Crawl Stone Soup version 0.27-a0-1049-g450f9b2e0d (webtiles) character file.

Game seed: 7847063655967725777

116 nightchill the Chopper (level 5, 29/47 HPs)
             Began as a Hill Orc Fighter on Apr 20, 2021.
             Quit the game on level 2 of the Dungeon.
             The game lasted 00:02:24 (2410 turns).

nightchill the Chopper (Hill Orc Fighter)           Turns: 2410, Time: 00:02:24

Health: 29/47      AC:  6    Str: 20    XL:     5   Next: 0%
Magic:  5/5        EV:  7    Int:  8    God:
Gold:   49         SH:  9    Dex: 10    Spells: 4/4 levels left

rFire    . . .     SeeInvis .   a - +0 war axe
rCold    . . .     Faith    .   c - +0 kite shield
rNeg     . . .     Spirit   .   b - +0 scale mail
rPois    .         Reflect  .   (no helmet)
rElec    .         Harm     .   (no cloak)
rCorr    .         Rampage  .   (no gloves)
Will     .....                  (no boots)
Stlth    ..........             (no amulet)
HPRegen  0.15/turn              (no ring)
MPRegen  0.09/turn              (no ring)

@: no status effects
A: no striking features
a: no special abilities


You were on level 2 of the Dungeon.
You visited 1 branch of the dungeon, and saw 2 of its levels.

You collected 49 gold pieces.

Inventory:

Hand Weapons
 a - a +0 war axe (weapon)
Armour
 b - a +0 scale mail (worn)
 c - a +0 kite shield (worn)
Jewellery
 l - a +6 ring of strength
 o - a ring of magical power
Wands
 n - a wand of mindburst (10)
Scrolls
 f - a scroll of brand weapon {unknown}
 g - a scroll of fear {unknown}
 h - 5 scrolls of identify {unknown}
 i - 2 scrolls of enchant armour {unknown}
 j - a scroll of silence {unknown}
 m - a scroll of immolation {unknown}
 p - a scroll of holy word {unknown}
Potions
 d - 2 potions of curing {unknown}
 e - 2 potions of flight {unknown}
 k - a potion of attraction {unknown}


   Skills:
 + Level 4.8 Fighting
 * Level 5.6 Axes
 - Level 3.2 Armour
 - Level 3.2 Shields


You had 4 spell levels left.
You didn't know any spells.
Your spell library contained the following spells:

 Spells                   Type           Power      Damage    Failure   Level
 Animate Skeleton         Necr           0%         N/A       99%         1
 Apportation              Tloc           0%         N/A       99%         1
 Corona                   Hex            0%         N/A       99%         1
 Summon Small Mammal      Summ           0%         N/A       99%         1
 Call Imp                 Summ           0%         N/A       100%        2
 Call Canine Familiar     Summ           0%         N/A       100%        3
 Summon Guardian Golem    Hex/Summ       0%         N/A       100%        3
 Summon Ice Beast         Ice/Summ       0%         N/A       100%        4
 Summon Lightning Spire   Summ/Air       0%         N/A       100%        4


Dungeon Overview and Level Annotations

Branches:
Dungeon (2/15)

Altars:

Shops:
D:1 (   D:2 =


Message History

You feel very sick. The adder bites you.
You are more poisoned.
The adder poisons you! You block the adder's attack.
You slash the adder!
You kill the adder!
You feel very sick.
You have reached level 5!
You feel stronger.
You start resting.
You feel sick.
A bat is nearby!
A bat is nearby!
A bat is nearby!
A bat is nearby!
You feel sick. The bat hits you but does no damage.
You see here a wand of flame (16).
You hit the bat.
The bat is moderately wounded.
You feel sick. The bat hits you but does no damage.
You are too injured to fight recklessly!
You feel sick. The bat hits you.
You are too injured to fight recklessly!
You are too injured to fight recklessly!
You are too injured to fight recklessly!
You barely miss the bat.
You feel sick.
You are no longer poisoned.
You block the bat's attack. You block the bat's attack.
You closely miss the bat. The bat hits you but does no damage.
The bat hits you but does no damage.
You barely miss the bat. The bat hits you but does no damage. x2
A bat is nearby!
A bat is nearby!
You miss the bat. The bat hits you. You block the bat's attack.
You closely miss the bat. The bat hits you but does no damage.
You barely miss the bat. The bat closely misses you.
The bat hits you but does no damage.
A rat comes into view.
You block the bat's attack.
The rat moves out of view.
Are you sure you want to abandon this character and quit the game? (Confirm with "yes".)

#........# #....# .#
#........#
#.....####.###........#
#..........#...........
#..........#..........#
#.........#..........#
#.........#..........#
###^...b....#...........
......?@....########...#
.....#......# #...#
.....#......# #...#
............# #...#
......##/#.# #...#
#..... #...# #...#
#..... ##..# #...#
#..... #..##########.#
###... ##>...........#


You could see a bat.

Vanquished Creatures
  Terence (D:2)
  5 adders (D:2)
  A worm (D:2)
  4 ball pythons
  3 bats
  5 endoplasms (D:1)
  2 giant cockroaches (D:1)
  4 goblins
  4 hobgoblins
  4 quokkas
  2 frilled lizards
  4 kobolds
  2 rats (D:1)
41 creatures vanquished.

Notes
Turn   | Place    | Note
-------+----------+-------------------------------------------
     0 | D:1      | nightchill the Hill Orc Fighter began the quest for the
                  | Orb.
     0 | D:1      | Reached XP level 1. HP: 19/19 MP: 1/1
    88 | D:1      | Reached skill level 3 in Axes
   463 | D:1      | Reached XP level 2. HP: 21/27 MP: 2/2
  1010 | D:1      | Reached skill level 4 in Axes
  1025 | D:1      | Found Kosk's Antique Weapon Emporium.
  1076 | D:1      | Reached XP level 3. HP: 30/33 MP: 3/3
  1619 | D:2      | Found Doke's Jewellery Shoppe.
  1815 | D:2      | Found a faded altar of an unknown god.
  1860 | D:2      | Noticed Terence
  1872 | D:2      | Killed Terence
  1873 | D:2      | Reached XP level 4. HP: 29/41 MP: 4/4
  2029 | D:2      | Reached skill level 5 in Axes
  2397 | D:2      | Reached XP level 5. HP: 35/47 MP: 5/5
  2410 | D:2      | Quit the game

Illustrated notes

Levels and vault maps discovered:
D:1:      erik_arrival_cave_to_civilisation [erik_arrival_cave_to_temple],
          layout_loops_ring, serial_shops, shop, chequers_avenue
D:2:      layout_basic, hellmonk_ecumenical_altar_lost_god, serial_shops, shop,
          uniq_terence

Skill      XL: |  1  2  3  4 |
---------------+-------------+-----
Axes           | 3 4 5 |  5.6
Fighting       | 4 |  4.8
Armour         | |  3.2
Shields        | |  3.2

Action                   |  1- 3 |  4- 6 || total
-------------------------+-------+-------++-------
Melee: War axe           |   120 |    43 ||   163
  Use: Potion            |     1 |       ||     1
Armor: Scale mail        |    50 |    28 ||    78
Dodge: Dodged            |    28 |    15 ||    43
Block: Kite shield       |    72 |    29 ||   101

Table legend: (Time is in decaauts)
 A = Elapsed time spent in this place.
 B = Non-inter-level travel time spent in this place.
 C = Inter-level travel time spent in this place.
 D = Time resting spent in this place.
 E = Time spent auto-exploring this place.
 F = Levels seen in this place.
 G = Mean time per level.
                   A        B        C        D        E       F      G
               +--------+--------+--------+--------+--------+-----+--------+
         Total |   2496 |   2487 |      9 |    817 |   1261 |   2 | 1248.0 |
       Dungeon |   2496 |   2487 |      9 |    817 |   1261 |   2 | 1248.0 |
               +--------+--------+--------+--------+--------+-----+--------+

Top non-repeatable levels by time:
     D:1: 1817 daAuts
     D:2: 679 daAuts
